 Dungeon Crawl Stone Soup version 0.22.0-32-gbc6daba (webtiles) character file.

14738 Lew the Fighter (level 12, -2/76 HPs)
             Began as a Gnoll Abyssal Knight on Aug 23, 2018.
             Was an Elder of Lugonu.
             Killed from afar by a wretched star (27 damage)
             ... with an orb of energy
             ... on level 1 of the Abyss.
             The game lasted 00:48:25 (11921 turns).

Lew the Fighter (Gnoll Abyssal Knight)             Turns: 11921, Time: 00:48:26

Health: -2/76      AC: 18    Str: 17    XL:     12   Next: 19%
Magic:  17/22      EV: 18    Int: 15    God:    Lugonu [****..]
Gold:   181        SH: 11    Dex: 19    Spells: 24/24 levels left

rFire    . . .     SeeInvis .   u - +5 war axe (freeze)
rCold    . . .     Gourm    .   o - +0 shield
rNeg     . . .     Faith    .   r - +4 troll leather armour {Snorg}
rPois    .         Spirit   .   e - +2 helmet
rElec    .         Reflect  .   j - +1 cloak
rCorr    .         Harm     +   g - +2 pair of gloves
MR       .....                  (no boots)
Stlth    ++++......             y - amulet of harm
HPRegen  0.00/turn              k - +3 ring of slaying
MPRegen  0.18/turn              F - +2 ring of evasion

@: no status effects
A: distributed training, fangs 1, talons 1, [frail 2], [inhibited regeneration],
strong 1, strong nose
a: Depart the Abyss, Bend Space, Banish, Corrupt, Renounce Religion


You were on level 1 of the Abyss.
You worshipped Lugonu.
Lugonu was greatly pleased with you.
You were hungry.

You visited 1 branch of the dungeon, and saw 12 of its levels.
You visited the Abyss 2 times.
You also visited: Sewer.

You collected 817 gold pieces.
You spent 636 gold pieces at shops.

Inventory:

Hand Weapons
 b - a +2 vampiric glaive
 u - a +5 war axe of freezing (weapon)
Missiles
 v - an exploding tomahawk (quivered)
Armour
 e - a +2 helmet (worn)
 g - a +2 pair of gloves (worn)
 j - a +1 cloak (worn)
 l - a +1 scale mail of cold resistance
 o - a +0 shield (worn)
 r - a +4 troll leather armour (worn) {Snorg}
 t - a +4 plate armour
 z - a cursed +0 large shield
 G - a +2 ring mail of poison resistance
Jewellery
 a - an uncursed amulet of magic regeneration
 k - a +3 ring of slaying (left hand)
 y - an amulet of harm (around neck)
 D - an uncursed ring of protection from magic
 F - a +2 ring of evasion (right hand)
 J - an uncursed ring of protection from fire
Wands
 n - a wand of polymorph (26)
 s - a wand of iceblast (29)
 x - a wand of paralysis (14)
 B - a wand of disintegration (11)
 E - a wand of random effects (25)
 H - a wand of acid (15)
 I - a wand of flame (60)
Scrolls
 d - 4 scrolls of teleportation
 f - 6 scrolls of amnesia
 m - 3 scrolls of magic mapping
 q - a scroll of fear
 w - a scroll of acquirement
 K - 3 scrolls of remove curse
 P - a scroll of holy word
Potions
 h - a potion of mutation
 i - a potion of haste
 p - a potion of lignification
 A - a potion of degeneration {unknown}
 C - 5 potions of curing
Comestibles
 c - 17 rations


   Skills:
 + Level 9.6 Fighting
 + Level 6.9 Short Blades
 + Level 6.9 Long Blades
 + Level 8.4 Axes
 + Level 6.9 Maces & Flails
 + Level 6.9 Polearms
 + Level 6.9 Staves
 + Level 6.9 Slings
 + Level 6.9 Bows
 + Level 6.9 Crossbows
 + Level 6.9 Throwing
 + Level 8.4 Armour
 + Level 7.4 Dodging
 + Level 6.9 Stealth
 + Level 6.9 Shields
 + Level 6.9 Unarmed Combat
 + Level 6.9 Spellcasting
 + Level 5.7 Conjurations
 + Level 5.7 Hexes
 + Level 5.7 Charms
 + Level 5.7 Summonings
 + Level 5.7 Necromancy
 + Level 5.7 Translocations
 + Level 5.7 Transmutations
 + Level 5.7 Fire Magic
 + Level 5.7 Ice Magic
 + Level 5.7 Air Magic
 + Level 5.7 Earth Magic
 + Level 5.7 Poison Magic
 + Level 9.0 Invocations
 + Level 6.9 Evocations


You had 24 spell levels left.
You didn't know any spells.
Your spell library contained the following spells:

 Spells                   Type           Power        Failure   Level  Hunger
 Animate Skeleton         Necr           N/A          4%          1    None
 Apportation              Tloc           ###...       4%          1    None
 Beastly Appendage        Tmut           ###...       4%          1    None
 Confusing Touch          Hex            ###...       4%          1    None
 Summon Butterflies       Summ           ###.....     4%          1    None
 Summon Small Mammal      Summ           ###.         4%          1    None
 Call Imp                 Summ           ###.....     6%          2    None
 Sticks to Snakes         Tmut           ###.....     6%          2    None
 Ignite Poison            Fire/Tmut/Pois ###.....     12%         3    ##.....
 Spider Form              Tmut/Pois      ###.......   12%         3    ##.....
 Ice Form                 Ice/Tmut       ###.....     38%         4    ####...
 Blade Hands              Tmut           ###.......   75%         5    #####..
 Malign Gateway           Summ/Tloc      ###.......   100%        7    #######
 Spellforged Servitor     Conj/Summ      ###.......   100%        7    #######


Dungeon Overview and Level Annotations

Branches:
Dungeon (12/15)            Temple (0/1) D:7            Lair (0/6) D:8
    Orc (0/2) D:11

Altars:
Elyvilon
Makhleb
Trog

Shops:
D:5 [[((   D:6 !   D:11 (=?(

Portals:
Trove: D:10 (show abyssal rune of Zot)


Innate Abilities, Weirdness & Mutations

Your experience applies equally to all skills.
You have very sharp teeth.
Your uncanny sense of smell can sniff out nearby items.
You have sharp toenails.
Your muscles are strong. (Str +2)
[You are very frail. (-20% HP)]
[You do not regenerate when monsters are visible.]


Message History

The orb of energy hits you!
Found a long sword.
The wretched star pulses with an eldritch light!
Your regeneration stops near monsters.
You feel frail. x2
Found a scroll of fear.
Found a scroll of identify.
q - a scroll of fear Space bends around you!
You blink.
The wretched star glows turbulently.
You block the orb of energy.
The wretched star glows turbulently.
The orb of energy misses you.
The wretched star glows turbulently.
The orb of energy hits you!
The orb of energy explodes!
You hear a chilling moan.
The wretched star glows turbulently.
The orb of energy hits you!
The wretched star glows turbulently.
The orb of energy hits you!
You die...

# ##. ..# ###
#.###.. #
#.###.###.##.#
#...##.@..{.# .
#...#....#.#..#
.#. #...#.#...#
...#
#....#.####
...###...####
.. ##..#..#*#.
# ∆ ..
#..#.##.#.#..#
# ..
#....#.####. #.
..##.. .##. ##
.#


You could see a wretched star.

Vanquished Creatures
  Frances (D:12)
  Snorg (D:10)
  2 two-headed ogres
  Nergalle (D:10)
  An unseen horror (D:11)
  A wolf spider zombie (D:11)
  A deep elf mage (D:11)
  Psyche (D:9)
  A gargoyle (D:11)
  A centaur skeleton (D:11)
  A merfolk (D:11)
  2 trolls (D:9)
  A hornet (D:6)
  3 hippogriffs
  3 yaks (D:9)
  A basilisk (D:11)
  Menkaure (D:7)
  9 orc warriors
  6 ice beasts
  Purgy (Sewer)
  3 necrophages
  2 phantoms
  2 black bears (D:9)
  3 sky beasts
  6 ogres
  A crocodile (D:11)
  5 centaurs
  2 big kobolds (D:9)
  5 bullfrogs
  3 gnoll sergeants
  A water moccasin skeleton (D:9)
  5 scorpions
  5 howler monkeys
  2 wights (D:9)
  3 crimson imps
  A jelly (D:8)
  2 bullfrog zombies
  2 centaur zombies (D:8)
  5 hounds
  A gnoll shaman (D:4)
  5 orc priests
  11 orc wizards
  5 iguanas
  14 worker ants
  A hound zombie (D:8)
  A worker ant zombie (D:11)
  2 howler monkey skeletons
  14 gnolls
  7 adders
  A shadow imp (D:11)
  An ufetubus (Abyss:1)
  An ooze (D:3)
  An adder skeleton (D:9)
  5 worms
  A dart slug (D:3)
  7 leopard geckos
  44 orcs
  9 bats
  11 giant cockroaches
  15 goblins
  10 hobgoblins
  10 jackals
  16 kobolds
  7 quokkas
  3 frilled lizards
  A jackal skeleton (D:8)
  2 leopard gecko skeletons
  A quokka zombie (D:7)
  4 rats
308 creatures vanquished.

Vanquished Creatures (others)
  A meliai (D:12)
  A howler monkey (D:8)
  An orc wizard (D:6)
  4 plants (D:11)
7 creatures vanquished.

Grand Total: 315 creatures vanquished

Notes
Turn   | Place    | Note
-------+----------+-------------------------------------------
     0 | Abyss:1  | Lew the Gnoll Abyssal Knight began the quest for the Orb.
     0 | Abyss:1  | Reached XP level 1. HP: 23/23 MP: 3/3
   393 | Abyss:1  | Noticed a small abomination
   396 | Abyss:1  | Noticed a hellion
   456 | Abyss:1  | Noticed an efreet
   462 | D:1      | Escaped the Abyss
   503 | D:1      | Reached XP level 2. HP: 29/29 MP: 5/5
  1067 | D:1      | Reached XP level 3. HP: 35/35 MP: 6/6
  1117 | D:1      | Reached * piety under Lugonu
  1209 | D:2      | Gained mutation: You have sharp toenails. [potion of mutation]
  1209 | D:2      | Gained mutation: Your muscles are strong. (Str +2) [potion of mutation]
  1478 | D:2      | Reached skill level 1 in Short Blades
  1478 | D:2      | Reached skill level 1 in Long Blades
  1478 | D:2      | Reached skill level 1 in Maces & Flails
  1478 | D:2      | Reached skill level 1 in Polearms
  1478 | D:2      | Reached skill level 1 in Staves
  1478 | D:2      | Reached skill level 1 in Slings
  1478 | D:2      | Reached skill level 1 in Bows
  1478 | D:2      | Reached skill level 1 in Crossbows
  1478 | D:2      | Reached skill level 1 in Throwing
  1478 | D:2      | Reached skill level 1 in Stealth
  1478 | D:2      | Reached skill level 1 in Shields
  1478 | D:2      | Reached skill level 1 in Unarmed Combat
  1478 | D:2      | Reached skill level 1 in Spellcasting
  1478 | D:2      | Reached skill level 1 in Evocations
  1655 | D:3      | Reached XP level 4. HP: 41/41 MP: 7/7
  1716 | D:3      | Reached skill level 1 in Conjurations
  1716 | D:3      | Reached skill level 1 in Hexes
  1716 | D:3      | Reached skill level 1 in Charms
  1716 | D:3      | Reached skill level 1 in Summonings
  1716 | D:3      | Reached skill level 1 in Necromancy
  1716 | D:3      | Reached skill level 1 in Translocations
  1716 | D:3      | Reached skill level 1 in Transmutations
  1716 | D:3      | Reached skill level 1 in Fire Magic
  1716 | D:3      | Reached skill level 1 in Ice Magic
  1716 | D:3      | Reached skill level 1 in Air Magic
  1716 | D:3      | Reached skill level 1 in Earth Magic
  1716 | D:3      | Reached skill level 1 in Poison Magic
  1721 | D:3      | Reached XP level 5. HP: 47/47 MP: 8/8
  1845 | D:3      | Found a glowing drain.
  1878 | Sewer    | Entered a sewer
  1881 | Sewer    | Reached ** piety under Lugonu
  1909 | Sewer    | Noticed Purgy
  1921 | Sewer    | Killed Purgy
  1921 | Sewer    | Reached skill level 5 in Invocations
  1921 | Sewer    | Reached XP level 6. HP: 51/53 MP: 9/9
  2553 | D:4      | Reached skill level 5 in Axes
  2553 | D:4      | Reached skill level 5 in Armour
  3004 | D:5      | Entered Level 5 of the Dungeon
  3081 | D:5      | Found Loeruss's Weapon Shoppe.
  3089 | D:5      | Reached XP level 7. HP: 59/59 MP: 10/10
  3093 | D:5      | Bought 5 exploding tomahawks for 75 gold pieces
  3252 | D:5      | Found Immit's Antique Weapon Shoppe.
  3545 | D:5      | Found Guhapn's Armour Shoppe.
  3551 | D:5      | Bought a cursed +0 large shield for 19 gold pieces
  3582 | D:5      | Found Vutyilad's Armour Emporium.
  3946 | D:6      | Reached XP level 8. HP: 65/66 MP: 12/12
  4181 | D:5      | Bought a +2 ring mail of poison resistance for 216 gold pieces
  4441 | D:6      | Noticed a hornet
  4450 | D:6      | Killed a hornet
  4470 | D:6      | Found Ysoy's Distillery.
  4825 | D:7      | Reached XP level 9. HP: 71/71 MP: 14/14
  4832 | D:7      | Reached *** piety under Lugonu
  5187 | D:7      | Noticed Menkaure
  5194 | D:7      | Killed Menkaure
  5507 | D:7      | Found a staircase to the Ecumenical Temple.
  5624 | D:8      | Reached skill level 5 in Dodging
  6318 | D:8      | Found a staircase to the Lair.
  6503 | D:8      | Reached XP level 10. HP: 75/80 MP: 17/17
  6858 | D:9      | Reached **** piety under Lugonu
  6903 | D:9      | Found a bloodstained altar of Trog.
  6936 | D:9      | Reached skill level 5 in Short Blades
  6936 | D:9      | Reached skill level 5 in Long Blades
  6936 | D:9      | Reached skill level 5 in Maces & Flails
  6936 | D:9      | Reached skill level 5 in Polearms
  6936 | D:9      | Reached skill level 5 in Staves
  6936 | D:9      | Reached skill level 5 in Slings
  6936 | D:9      | Reached skill level 5 in Bows
  6936 | D:9      | Reached skill level 5 in Crossbows
  6936 | D:9      | Reached skill level 5 in Throwing
  6936 | D:9      | Reached skill level 5 in Stealth
  6936 | D:9      | Reached skill level 5 in Shields
  6936 | D:9      | Reached skill level 5 in Unarmed Combat
  6936 | D:9      | Reached skill level 5 in Spellcasting
  6936 | D:9      | Reached skill level 5 in Evocations
  6961 | D:9      | Identified a scroll of acquirement
  7211 | D:9      | Found a white marble altar of Elyvilon.
  7580 | D:9      | Noticed a two-headed ogre
  7588 | D:9      | Killed a two-headed ogre
  7606 | D:9      | Found a burning altar of Makhleb.
  7610 | D:9      | Noticed Psyche
  7615 | D:9      | Killed Psyche
  7652 | D:9      | Reached ***** piety under Lugonu
  8085 | D:9      | Reached XP level 11. HP: 87/87 MP: 19/19
  8159 | D:9      | Identified Rinyun's Grimoire of Creative Envenoming
  8532 | D:10     | Entered Level 10 of the Dungeon
  8668 | D:10     | Noticed Nergalle
  8679 | D:10     | Killed Nergalle
  8926 | D:10     | Noticed a two-headed ogre
  8934 | D:10     | Killed a two-headed ogre
  8934 | D:10     | Reached skill level 5 in Conjurations
  8934 | D:10     | Reached skill level 5 in Hexes
  8934 | D:10     | Reached skill level 5 in Charms
  8934 | D:10     | Reached skill level 5 in Summonings
  8934 | D:10     | Reached skill level 5 in Necromancy
  8934 | D:10     | Reached skill level 5 in Translocations
  8934 | D:10     | Reached skill level 5 in Transmutations
  8934 | D:10     | Reached skill level 5 in Fire Magic
  8934 | D:10     | Reached skill level 5 in Ice Magic
  8934 | D:10     | Reached skill level 5 in Air Magic
  8934 | D:10     | Reached skill level 5 in Earth Magic
  8934 | D:10     | Reached skill level 5 in Poison Magic
  9212 | D:10     | Noticed Snorg
  9220 | D:10     | Killed Snorg
  9727 | D:10     | Found a portal to a secret trove of treasure.
  9788 | D:11     | Noticed a deep elf mage
  9793 | D:11     | Killed a deep elf mage
  9874 | D:11     | Killed an unseen horror
 10147 | D:11     | Found Sired's Weapon Emporium.
 10356 | D:11     | Found a staircase to the Orcish Mines.
 10384 | D:11     | Found Septouru's Antique Weapon Shop.
 10585 | D:11     | Found Qeagosme's Jewellery Boutique.
 10794 | D:11     | Found Lodorouj's Magic Scroll Boutique.
 10811 | D:11     | Bought a scroll of enchant armour for 97 gold pieces
 10811 | D:11     | Bought a scroll of enchant weapon for 97 gold pieces
 10812 | D:11     | Bought a scroll of identify for 26 gold pieces
 10812 | D:11     | Bought a scroll of identify for 26 gold pieces
 10812 | D:11     | Bought a scroll of identify for 26 gold pieces
 10844 | D:11     | Reached XP level 12. HP: 88/96 MP: 22/22
 11082 | D:5      | Bought a +0 cloak for 54 gold pieces
 11566 | D:12     | Noticed Frances
 11655 | D:12     | Killed Frances
 11882 | Abyss:1  | Noticed a wretched star
 11921 | Abyss:1  | Killed from afar by a wretched star

Skill      XL: |  1  2  3  4  5  6  7  8  9 10 11 12 |
---------------+-------------------------------------+-----
Short Blades   | 1 2 3 4 5 6 |  6.9
Long Blades    | 1 2 3 4 5 6 |  6.9
Maces & Flails | 1 2 3 4 5 6 |  6.9
Polearms       | 1 2 3 4 5 6 |  6.9
Staves         | 1 2 3 4 5 6 |  6.9
Slings         | 1 2 3 4 5 6 |  6.9
Bows           | 1 2 3 4 5 6 |  6.9
Crossbows      | 1 2 3 4 5 6 |  6.9
Throwing       | 1 2 3 4 5 6 |  6.9
Stealth        | 1 2 3 4 5 6 |  6.9
Shields        | 1 2 3 4 5 6 |  6.9
Unarmed Combat | 1 2 3 4 5 6 |  6.9
Spellcasting   | 1 2 3 4 5 6 |  6.9
Evocations     | 1 2 3 4 5 6 |  6.9
Conjurations   | 1 2 3 4 5 |  5.7
Hexes          | 1 2 3 4 5 |  5.7
Charms         | 1 2 3 4 5 |  5.7
Summonings     | 1 2 3 4 5 |  5.7
Necromancy     | 1 2 3 4 5 |  5.7
Translocations | 1 2 3 4 5 |  5.7
Transmutations | 1 2 3 4 5 |  5.7
Fire Magic     | 1 2 3 4 5 |  5.7
Ice Magic      | 1 2 3 4 5 |  5.7
Air Magic      | 1 2 3 4 5 |  5.7
Earth Magic    | 1 2 3 4 5 |  5.7
Poison Magic   | 1 2 3 4 5 |  5.7
Dodging        | 3 4 5 6 7 |  7.4
Invocations    | 5 6 7 8 9 |  9.0
Axes           | 5 6 7 8 |  8.4
Armour         | 5 6 7 8 |  8.4
Fighting       | 7 8 9 |  9.6

Action                   |  1- 3 |  4- 6 |  7- 9 | 10-12 || total
-------------------------+-------+-------+-------+-------++-------
Melee: Hand axe          |    80 |    55 |       |       ||   135
       Bite              |     5 |     6 |    13 |    41 ||    65
       Kick              |     6 |    20 |    43 |   106 ||   175
       War axe           |       |    37 |   150 |   314 ||   501
       Unarmed           |       |       |    86 |       ||    86
Throw: Tomahawk          |       |       |       |     4 ||     4
Invok: Depart the Abyss  |     1 |       |       |       ||     1
       Bend Space        |       |       |       |     6 ||     6
       Banish            |       |       |       |     2 ||     2
       Enter the Abyss   |       |       |       |     1 ||     1
Evoke: Wand              |       |       |    13 |     3 ||    16
  Use: Potion            |     4 |     2 |     4 |     9 ||    19
       Scroll            |     4 |     6 |     4 |    20 ||    34
 Stab: Sleeping          |       |       |     6 |     7 ||    13
       Confused          |       |       |     4 |       ||     4
       Distracted        |       |       |     2 |     1 ||     3
       Invisible         |       |       |     5 |       ||     5
  Eat: Chunk             |     2 |     4 |       |     6 ||    12
       Ration            |       |       |     4 |     3 ||     7
Armor: Leather armour    |     5 |       |       |       ||     5
       Ring mail         |    18 |    46 |    37 |    83 ||   184
       Skin              |       |       |     3 |       ||     3
       Troll leather arm |       |       |       |    10 ||    10
Dodge: Dodged            |    50 |    38 |   133 |   166 ||   387
Block: Shield            |     1 |    38 |    64 |   157 ||   260
